 Dungeon Crawl Stone Soup version 0.24.0-123-gd5b16e6ec5 (webtiles) character file.

Game seed: 12733851649575618020, levelgen mode: deterministic

345 Bergy the Chopper (level 6, -19/37 HPs)
             Began as a Gargoyle Fighter on Dec 24, 2019.
             Demolished by an ogre
             ... wielding a +0 giant club
              (20 damage)
             ... on level 4 of the Dungeon.
             The game lasted 00:09:11 (3522 turns).

Bergy the Chopper (Gargoyle Fighter)                Turns: 3522, Time: 00:09:12

Health: -19/37     AC: 11    Str: 21    XL:     6   Next: 58%
Magic:  6/6        EV:  7    Int:  9    God:
Gold:   156        SH:  9    Dex:  9    Spells: 5/5 levels left

rFire    . . .     SeeInvis .   a - +0 war axe
rCold    . . .     Gourm    .   c - +0 shield
rNeg     + . .     Faith    .   b - +0 scale mail
rPois    ∞         Spirit   .   (no helmet)
rElec    +         Reflect  .   (no cloak)
rCorr    .         Harm     .   (no gloves)
MR       .....                  (no boots)
Stlth    ..........             (no amulet)
HPRegen  0.12/turn              (no ring)
MPRegen  0.10/turn              (no ring)

@: no status effects
A: negative energy resistance 1, electricity resistance, unbreathing,
petrification resistance, rot immunity, AC +4
a: no special abilities


You were on level 4 of the Dungeon.
You were not hungry.

You visited 1 branch of the dungeon, and saw 4 of its levels.
You also visited: Sewer.

You collected 156 gold pieces.

Inventory:

Hand Weapons
 a - a +0 war axe (weapon)
Armour
 b - a +0 scale mail (worn)
 c - a +0 shield (worn)
 l - a +0 large shield
 m - a +2 helmet
Scrolls
 e - a scroll of amnesia {unknown}
 g - a scroll of remove curse {unknown}
 h - a scroll of random uselessness {unknown}
 j - 2 scrolls of identify {unknown}
 p - 2 scrolls of teleportation {unknown}
 r - a scroll of magic mapping {unknown}
 t - a scroll of fog {unknown}
Potions
 d - 3 potions of might
 i - a potion of haste {unknown}
 k - a potion of mutation {unknown}
 n - 4 potions of curing
 o - a potion of heal wounds {unknown}
 q - a potion of brilliance {unknown}
 s - a potion of lignification {unknown}
 u - 3 potions of flight {unknown}
Comestibles
 f - 10 rations


   Skills:
 - Level 3.2 Fighting
 * Level 6.2 Axes
 - Level 3.2 Armour
 - Level 3.2 Shields


You had 5 spell levels left.
You didn't know any spells.
Your spell library was empty.

Dungeon Overview and Level Annotations

Branches:
Dungeon (4/15)              Sewer (visited)
 Temple: D:4-7

Altars:
Cheibriados
Kikubaaqudgha
Sif Muna
The Shining One


Innate Abilities, Weirdness & Mutations

You are resistant to torment.
Your stone body is resilient. (AC +4)
You are immune to poison.
You resist negative energy. (rN+)
You are resistant to electric shocks. (rElec)
You can survive without breathing.
You are immune to petrification.
You are immune to rotting.


Message History

You hit the giant cockroach.
The giant cockroach bites you but does no damage.
The ogre barely misses you.
You hit the ogre.
The ogre is severely wounded.
You slash the giant cockroach!
You kill the giant cockroach!
The ogre hits you with a +0 giant club. You block the kobold skeleton's attack.
Your shield prevents you from hitting the ogre.
The ogre is severely wounded.
You slash the kobold skeleton!
You destroy the kobold skeleton!
The ogre hits you with a +0 giant club!
* * * LOW HITPOINT WARNING * * *
You slash the ogre!
The ogre is almost dead.
You hit the kobold zombie.
The ogre hits you with a +0 giant club!!
Ouch! That really hurt!
You die...

#.# #.# #.#
#####.###########.# ##
#...............#.## ..
#.###.###..####....#.#
#.).............
######..#[##...##########
.........#.##...≈≈≈≈≈≈≈.≈#
########.#.##Z..##########
#....@OZ....####
#.#####Z........ #.#
#.........
#.#####....###.#
#.........#.# .
##.............Z
#.........#....
#.........+.._.
.........## ...


You could see an ogre, 2 kobold zombies and an orc skeleton.

Vanquished Creatures
  A big kobold (Sewer)
  2 orc priests (D:4)
  A worker ant (D:4)
  Terence (D:2)
  An orc wizard (D:3)
  2 adders
  A white imp (D:4)
  3 oozes
  2 worms (D:2)
  A dart slug (D:2)
  6 leopard geckos
  7 orcs
  6 giant cockroaches
  2 goblins
  9 hobgoblins
  8 jackals
  10 kobolds
  A quokka (D:3)
  A ball python (D:3)
  7 bats
  5 frilled lizards
  A goblin zombie (D:4)
  A hobgoblin zombie (D:4)
  A kobold skeleton (D:4)
  An orc zombie (D:4)
  10 rats
91 creatures vanquished.

Notes
Turn   | Place    | Note
-------+----------+-------------------------------------------
     0 | D:1      | Bergy the Gargoyle Fighter began the quest for the Orb.
     0 | D:1      | Reached XP level 1. HP: 14/14 MP: 1/1
   121 | D:1      | Reached skill level 2 in Axes
   202 | D:1      | Reached XP level 2. HP: 19/19 MP: 2/2
   530 | D:1      | Reached skill level 3 in Axes
   589 | D:1      | Reached XP level 3. HP: 23/23 MP: 3/3
  1083 | D:2      | Noticed Terence
  1094 | D:2      | Killed Terence
  1094 | D:2      | Reached XP level 4. HP: 28/28 MP: 4/4
  1237 | D:2      | Reached skill level 4 in Axes
  1659 | D:3      | Found an ancient bone altar of Kikubaaqudgha.
  1799 | D:3      | Reached XP level 5. HP: 29/32 MP: 5/5
  2020 | D:3      | Found a shimmering blue altar of Sif Muna.
  2688 | D:4      | Found a snail-covered altar of Cheibriados.
  2708 | D:4      | Reached skill level 5 in Axes
  2772 | D:4      | HP: 1/32 [orc priest/+0 war axe (5)]
  2775 | D:4      | Reached XP level 6. HP: 8/37 MP: 6/6
  3010 | D:4      | Found a glowing golden altar of the Shining One.
  3014 | D:4      | Found a glowing drain.
  3039 | Sewer    | Entered a sewer
  3291 | Sewer    | Reached skill level 6 in Axes
  3378 | Sewer    | Found a glowing silver altar of Zin.
  3521 | D:4      | HP: 1/37 [ogre/+0 giant club (11)]
  3522 | D:4      | Demolished by an ogre

Levels and vault maps discovered:
D:1:      dpeg_arrival_ternary, layout_basic
D:2:      layout_basic, uniq_terence
D:3:      layout_loops_ring, kiku_gazebo_pond_becter, lemuel_round_altar
D:4:      layout_loops_corners, cheibriados_altar_1,
          nicolae_tso_besieged_by_evil, portal_sewer_entry_d, first_ration,
          nicolae_elemental_shop, uniq_crazy_yiuf_cottage

Skill      XL: |  1  2  3  4  5  6 |
---------------+-------------------+-----
Axes           | 2 3 4 5 6 |  6.2
Fighting       | |  3.2
Armour         | |  3.2
Shields        | |  3.2

Action                   |  1- 3 |  4- 6 || total
-------------------------+-------+-------++-------
Melee: War axe           |    79 |   239 ||   318
  Use: Potion            |       |     2 ||     2
  Eat: Chunk             |       |     7 ||     7
       Ration            |       |     1 ||     1
Armor: Scale mail        |    48 |   135 ||   183
Dodge: Dodged            |    31 |    72 ||   103
Block: Shield            |    57 |   120 ||   177
